 Dungeon Crawl Stone Soup version bcrawl-1.12-5-g74a5124548 (webtiles) character file.

Game seed: 17318290819682663786

28 Maize the Ducker (level 3, 21/33 HPs)
             Began as a Troll Archaeologist on June 1, 2019.
             Quit the game on level 2 of the Dungeon.
             The game lasted 00:01:06 (887 turns).

Maize the Ducker (Troll Archaeologist)               Turns: 887, Time: 00:01:06

Health: 21/33      AC:  6    Str: 20    XL:     3   Next: 0%
Magic:  2/2        EV: 10    Int: 11    God:
Gold:   38         SH:  0    Dex:  8    Spells: 2/2 levels left

rFire    . . .     SeeInvis .     - Unarmed
rCold    . . .     Gourm    +   (no shield)
rNeg     . . .     Faith    .   (armour unavailable)
rPois    .         Spirit   .   a - +1 hat
rElec    .         Reflect  .   (no cloak)
rCorr    .         Harm     .   (gloves unavailable)
MR       .....                  (boots unavailable)
Stlth    ++........             (no amulet)
HPRegen  0.11/turn              (no ring)
MPRegen  0.08/turn              (no ring)

@: studying Maces & Flails
A: large, almost no armour, unfitting armour, claws 3, fast metabolism 3,
gourmand, AC +5
a: no special abilities


You were on level 2 of the Dungeon.
You were very full.

You visited 1 branch of the dungeon, and saw 2 of its levels.

You collected 38 gold pieces.

Inventory:

Armour
 a - a +1 hat (worn)
Scrolls
 e - 2 scrolls of blinking {unknown}
 h - a scroll of identify {unknown}
 i - a scroll of enchant weapon {unknown}
 j - a scroll of teleportation {unknown}
 l - a scroll of fog {unknown}
Potions
 f - a potion of ambrosia {unknown}
 g - 2 potions of degeneration {unknown}
 k - a potion of flight {unknown}
Books
 b - a manual of Maces & Flails
Miscellaneous
 c - an ancient crate
Comestibles
 d - 5 rations {!d}


   Skills:
 * Level 1.5 Fighting
 + Level 2.6 Dodging
 - Level 1.7 Stealth
 * Level 1.6 Unarmed Combat


You had 2 spell levels left.
You didn't know any spells.
Your spell library was empty.

Dungeon Overview and Level Annotations

Branches:
Dungeon (2/12)

Altars:


Innate Abilities, Weirdness & Mutations

You cannot wear most types of armour.
Your thick skin is tough. (AC +5)
You are too large for most types of armour.
You have claws for hands.
Your metabolism is lightning-fast.
You like to eat raw meat.


Message History

The bat barely misses you. The hobgoblin hits you. The rat closely misses you.
You closely miss the hobgoblin.
The hobgoblin is severely wounded.
The bat hits you. The hobgoblin barely misses you. The rat bites you.
The goblin barely misses you. The bat hits you but does no damage.
You scratch the hobgoblin but do no damage.
The hobgoblin is severely wounded.
The bat closely misses you. The rat bites you but does no damage.
The hobgoblin hits you. The goblin hits you but does no damage.
The bat hits you but does no damage.
You claw the hobgoblin!
You kill the hobgoblin!
You have reached level 3!
Your experience leads to an increase in your attributes!
Increase (S)trength, (I)ntelligence, or (D)exterity?
You feel stronger. x2; Your skin feels tougher.
You have an epiphany!
The dusty tome is a manual of Maces & Flails!
Reading it may be key to unlocking the crate...
The bat hits you but does no damage. The rat barely misses you.
The goblin hits you but does no damage.
Are you sure you want to abandon this character and quit the game? (Confirm with "yes".)

.......#..###
.#...........##
...............
.......$.......
....K.[........
......(........
#..b.g.......
#....@r...#
#...#<#.### #..
#.# .. ... ...
... ..# .###.
..# . #. .. ##
# .# .# #


You could see a goblin, a bat, a kobold and a rat.

Vanquished Creatures
  4 leopard geckos (D:1)
  4 bats
  2 giant cockroaches (D:1)
  A goblin (D:1)
  3 hobgoblins
  3 kobolds (D:1)
  5 rats (D:1)
22 creatures vanquished.

Notes
Turn   | Place    | Note
-------+----------+-------------------------------------------
     0 | D:1      | Maize the Troll Archaeologist began the quest for the Orb.
     0 | D:1      | Reached XP level 1. HP: 18/18 MP: 0/0
    82 | D:1      | Reached skill level 1 in Fighting
   132 | D:1      | Reached XP level 2. HP: 4/27 MP: 1/1
   133 | D:1      | Reached skill level 1 in Unarmed Combat
   886 | D:2      | Reached XP level 3. HP: 21/33 MP: 2/2
   887 | D:2      | Quit the game

Skill      XL: |  1  2 |
---------------+-------+-----
Fighting       | 1 |  1.5
Unarmed Combat | 1 |  1.6
Dodging        | |  2.6
Stealth        | |  1.7

Action                   || total
-------------------------++-------
Melee: Unarmed           ||    92
 Stab: Sleeping          ||     2
  Eat: Chunk             ||     9
Armor: Skin              ||    63
Dodge: Dodged            ||    67
